 Dungeon Crawl Stone Soup version 0.28-a0-1594-ga885d4b3d6 (webtiles) character file.

Game seed: 7184167742915416565

233 issech the Cudgeller (level 5, -4/52 HPs)
             Began as a Troll Fighter on Jan 20, 2022.
             Killed by divine providence
             ... invoked by an orc priest
              (13 damage)
             ... on level 5 of the Dungeon.
             The game lasted 00:08:56 (2928 turns).

issech the Cudgeller (Troll Fighter)                Turns: 2928, Time: 00:08:59

Health: -4/52      AC:  4    Str: 24    XL:     5   Next: 74%
Magic:  4/4        EV:  9    Int:  4    God:
Gold:   158        SH:  8    Dex: 11    Spells: 4/4 levels left

rFire   . . .      SeeInvis .   f - +0 mace
rCold   . . .      Faith    .   c - +0 kite shield
rNeg    . . .      Spirit   .   b - +0 robe
rPois   .          Reflect  .   (helmet restricted)
rElec   .          Harm     .   (no cloak)
rCorr   .          Rampage  .   (gloves unavailable)
Will    .....                   (boots unavailable)
Stlth   +.........              (no amulet)
HPRegen 0.97/turn               (no ring)
MPRegen 0.09/turn               (no ring)

@: no status effects
A: large, unfitting armour, claws 3, regeneration 1, shaggy fur 1, tough skin 1
a: no special abilities


You were on level 5 of the Dungeon.
You visited 1 branch of the dungeon, and saw 5 of its levels.

You collected 158 gold pieces.

Inventory:

Hand Weapons
 a - a +0 flail
 f - a +0 mace (weapon)
 j - a +0 mace
 s - a +0 falchion
Missiles
 e - 84 stones (quivered)
 k - 8 poisoned darts
 o - 11 bolts
 p - 5 atropa-tipped darts
 r - 24 sling bullets
Armour
 b - a +0 robe (worn)
 c - a +0 kite shield (worn)
Scrolls
 g - 2 scrolls of identify {unknown}
 h - a scroll of fear
 m - a scroll of noise {unknown}
 n - a scroll of teleportation {unknown}
 q - a scroll of acquirement {unknown}
Potions
 d - a potion of might
 i - 3 potions of curing {unknown}
 l - a potion of flight {unknown}


   Skills:
 + Level 2.8 Fighting
 + Level 3.5 Maces & Flails
 + Level 3.3 Dodging
 + Level 0.2 Stealth
 + Level 3.4 Shields


You had 4 spell levels left.
You didn't know any spells.
Your spell library was empty.

Dungeon Overview and Level Annotations

Branches:
Dungeon (5/15)             Temple (0/1) D:5

Altars:


Innate Abilities, Weirdness & Mutations

You are too large for most types of armour.
You have claws for hands.
Your natural rate of healing is unusually fast.
You are covered in fur. (AC +1)
You have tough skin. (AC +1)


Message History

You hit the orc priest but do no damage.
The orc priest barely misses you. You block the orc priest's attack.
You hit the orc priest.
The orc priest is moderately wounded.
The orc priest hits you with a +0 club.
You hit the orc priest but do no damage.
The orc priest is moderately wounded.
The orc priest hits you but does no damage.
You barely miss the orc priest.
The orc priest is moderately wounded.
The orc priest invokes the aid of Beogh against you.
Pain shoots through your body!
The orc priest invokes the aid of Beogh against you.
Pain shoots through your body!
* * * LOW HITPOINT WARNING * * *
You can't go up here!
The orc priest closely misses you.
You climb downwards.
There is a stone staircase leading up, spattered with blood here.
You sock the orc priest!
The orc priest is almost dead.
The orc priest calls down the wrath of Beogh upon you.
You barely resist. You closely miss the orc priest.
The orc priest is almost dead.
You block the orc priest's attack.
You hit the orc priest.
The orc priest is almost dead.
You block the orc priest's attack. The orc priest hits you with a +0 club.
* * * LOW HITPOINT WARNING * * *
You closely miss the orc priest.
The orc priest is almost dead.
You block the orc priest's attack.
You hit the orc priest but do no damage.
The orc priest is almost dead.
The orc priest hits you with a +0 club.
* * * LOW HITPOINT WARNING * * *
The orc priest mumbles some strange prayers to Beogh against you.
Beogh smites you!
You die...

..................'.........'....
###################.........##.##
.#..............# #.........##...
.#.############.# #.........#####
.#............#.# #.........#
.#.......####.#.# ###########
.##....######.#[#
..............#'##
#..............o@#
........####.....#
#.#####'####.....#
#..........##)...# #######
#..........##....# #.....#
#..........####### #.....#
...........# #.....# .######'####
#.....# .######'##### #.....#


You could see an orc priest.

Vanquished Creatures
  4 orc wizards
  5 adders
  An adder skeleton (D:5)
  3 worms
  A dart slug (D:5)
  3 orcs
  3 bats
  7 endoplasms
  8 giant cockroaches
  4 goblins
  A hobgoblin (D:1)
  6 jackals (D:2)
  9 ball pythons
  6 frilled lizards
  5 kobolds
  9 rats
75 creatures vanquished.

Notes
Turn   | Place    | Note
-------+----------+-------------------------------------------
     0 | D:1      | issech the Troll Fighter began the quest for the Orb.
     0 | D:1      | Reached XP level 1. HP: 22/22 MP: 0/0
   103 | D:1      | Reached XP level 2. HP: 29/29 MP: 1/1
   306 | D:1      | Found a faded altar of an unknown god.
   370 | D:1      | Reached XP level 3. HP: 36/36 MP: 2/2
   855 | D:2      | Reached XP level 4. HP: 44/44 MP: 3/3
  1206 | D:2      | Reached XP level 5. HP: 45/50 MP: 4/4
  1635 | D:3      | You fall into a shaft and drop 2 floors!
  1635 | D:5      | Entered Level 5 of the Dungeon
  1933 | D:5      | Found a staircase to the Ecumenical Temple.
  2928 | D:5      | Killed from afar by an orc priest

Illustrated notes

Levels and vault maps discovered:
D:1:      dpeg_arrival_long_road, layout_basic, serial_glass, glass_columns_a,
          glass_columns_b, minmay_strange_pillars, feat_on_display,
          due_unseen_surprise, chequers_ecumenical_altar_simple
D:2:      layout_loops_ring
D:3:      layout_loops_ring
D:4:      layout_rooms
D:5:      layout_basic, temple_doors_e, minmay_misc_feat_more_columns

Skill      XL: |  1  2  3  4 |
---------------+-------------+-----
Maces & Flails | 2 3 |  3.5
Shields        | 3 |  3.4
Dodging        | 3 |  3.3
Fighting       | |  2.8
Stealth        | |  0.2

Action                   |  1- 3 |  4- 6 || total
-------------------------+-------+-------++-------
Melee: Flail             |    56 |       ||    56
       Mace              |    78 |   131 ||   209
  Use: Scroll            |     2 |       ||     2
Armor: Robe              |    71 |    56 ||   127
Dodge: Dodged            |    67 |    68 ||   135
Block: Kite shield       |    65 |    62 ||   127

Table legend: (Time is in decaauts)
 A = Elapsed time spent in this place.
 B = Non-inter-level travel time spent in this place.
 C = Inter-level travel time spent in this place.
 D = Time resting spent in this place.
 E = Time spent auto-exploring this place.
 F = Levels seen in this place.
 G = Mean time per level.
                   A        B        C        D        E       F      G
               +--------+--------+--------+--------+--------+-----+--------+
         Total |   3033 |   2991 |     42 |     22 |   1802 |   5 |  606.6 |
       Dungeon |   3033 |   2991 |     42 |     22 |   1802 |   5 |  606.6 |
               +--------+--------+--------+--------+--------+-----+--------+

Top non-repeatable levels by time:
     D:5: 1270 daAuts
     D:2: 831 daAuts
     D:1: 777 daAuts
     D:3: 111 daAuts
     D:4: 41 daAuts
